 Dungeon Crawl Stone Soup version 0.31-a0-702-gf82c85558f (webtiles) character file.

Game seed: 18006249214705256456

411 qw the Shooter (level 6, 0/38 HPs)
             Began as a Gargoyle Hunter on Sept 7, 2023.
             Slain by an adder (3 damage)
             ... on level 4 of the Dungeon.
             The game lasted 00:01:11 (2813 turns).

qw the Shooter (Gargoyle Hunter)                    Turns: 2813, Time: 00:01:11

Health: 0/38       AC: 12    Str: 15    XL:     6   Next: 90%
Magic:  6/6        EV: 11    Int:  9    God:
Gold:   309        SH:  5    Dex: 15    Spells: 5/5 levels left

rFire   + . .        Y - +0 shortbow
rCold   . . .        (shield currently unavailable)
rNeg    + . .        f - +2 ring mail {Will+}
rPois   inf          g - +0 helmet
rElec   +            (no cloak)
rCorr   .            (no gloves)
SInv    .            (no boots)
Will    +....        e - amulet of reflection
Stlth   +            b - ring of protection from fire
HPRegen 0.26/turn    (no ring)
MPRegen 0.10/turn

%: reflection
@: no status effects
A: sickness immunity, AC +4, negative energy resistance 1, electricity
resistance, torment resistance 1, petrification resistance
a: no special abilities


You were on level 4 of the Dungeon.
You visited 1 branch of the dungeon, and saw 4 of its levels.

You collected 309 gold pieces.


Innate Abilities, Weirdness & Mutations

You are immune to sickness and miasma.
Your stone body is resilient. (AC +4)
You are immune to poison.
You resist negative energy. (rN+)
You are resistant to electric shocks. (rElec)
You are resistant to unholy torment.
You are immune to petrification.


   Skills:
 - Level 4.1 Fighting
 + Level 7.2 Ranged Weapons
 - Level 1.0 Armour
 - Level 1.5 Dodging
 - Level 1.1 Stealth


You had 5 spell levels left.
You didn't know any spells.
Your spell library was empty.

Inventory:

Hand Weapons
 Y - a +0 shortbow (weapon)
Armour
 f - a +2 ring mail of willpower (worn)
 g - a +0 helmet (worn)
Jewellery
 b - a ring of protection from fire (left hand)
 e - an amulet of reflection (around neck)
Scrolls
 a - a scroll of identify
 d - a scroll of silence {unknown}
Potions
 c - a potion of resistance {unknown}
 h - a potion of curing {unknown}
 i - a potion of might
 j - a potion of enlightenment {unknown}
 k - a potion of haste {unknown}
 l - a potion of mutation {unknown}
 n - a potion of attraction {unknown}

Dungeon Overview and Level Annotations

Branches:
Dungeon (4/15)
 Temple: D:4-7

Altars:
Fedhas
Yredelemnul

Shops:
D:4 [

Annotations:
D:3 1 runed translucent door, Crazy Yiuf
D:4 Robin


Message History

The arrow hits Robin but does no damage.
Robin hits you from afar with a +2 trident of protection.
You shoot an arrow.
The arrow hits Robin but does no damage.
Robin hits you from afar with a +2 trident of protection.
You shoot an arrow. The arrow barely misses Robin.
Robin hits you from afar with a +2 trident of protection.
You shoot an arrow. The arrow hits Robin.
Robin is lightly wounded.
You hear a shout!
Robin hits you from afar with a +2 trident of protection.
You shoot an arrow.
The arrow hits Robin but does no damage.
Robin is lightly wounded.
Robin hits you but does no damage.
A goblin comes into view. It is wielding a +0 dagger.
You shoot an arrow. The arrow hits Robin!
Robin is heavily wounded.
Robin hits you but does no damage.
You shoot an arrow. The arrow hits Robin.
Robin is severely wounded.
Robin hits you but does no damage. x2
You shoot an arrow. The arrow barely misses Robin.
An adder comes into view.
Robin throws the goblin at you! The goblin closely misses you.
You shoot an arrow. The arrow hits the goblin.
The goblin is heavily wounded.
Robin hits you but does no damage. The goblin hits you but does no damage.
You shoot an arrow. The arrow hits the goblin!
You kill the goblin!
Robin hits you but does no damage.
You shoot an arrow.
The arrow hits the adder but does no damage.
You block the adder's attack.
Robin hits you from afar with a +2 trident of protection.
A goblin comes into view. It is wielding a +0 club.
You shoot an arrow. The arrow hits the adder.
The adder is moderately wounded.
The adder bites you.
You die...

########## ##....%....
###### #####..########
......##......#
......).)#.\.######
.....)S@..........####
...g#g#....#..........
# # ###.###.###...##
#.# #.# #...# #.# #.#
#...# #.# #.####..#
#.# #.......#### #.#
######...... #.#
#.#####


You could see Robin, an adder and a goblin.

Vanquished Creatures
  Sigmund (D:3)
  A hound (D:4)
  An iguana (D:4)
  Natasha (thrice) (D:3)
  2 adders
  2 worms (D:3)
  2 dart slugs (D:1)
  2 orcs
  4 endoplasms
  A giant cockroach (D:3)
  15 goblins
  17 hobgoblins
  9 kobolds
  3 quokkas
  6 ball pythons
  2 bats (D:2)
  4 frilled lizards
  6 rats
  A spectral orc (D:3)
82 creatures vanquished.

Notes
Turn   | Place    | Note
-------+----------+-------------------------------------------
     0 | D:1      | qw the Gargoyle Hunter began the quest for the Orb.
     0 | D:1      | Reached XP level 1. HP: 12/12 MP: 1/1
     0 | D:1      | 0 ||| qw: Version: 0.3-a-76-g4403597
     0 | D:1      | 0 ||| qw: Game counter: 891
     0 | D:1      | 0 ||| qw: Melee chars always use a shield: true
     0 | D:1      | 0 ||| qw: God list: Okawaru
     0 | D:1      | 0 ||| qw: Allow faded altars: false
     0 | D:1      | 0 ||| qw: Do Orc after clearing Dungeon:15 true
     0 | D:1      | 0 ||| qw: Do second Lair branch before Depths: true
     0 | D:1      | 0 ||| qw: Lair rune preference: random
     0 | D:1      | 0 ||| qw: Goals: Normal
     0 | D:1      | 0 ||| PLANNING D:1-11
   123 | D:1      | Reached XP level 2. HP: 17/17 MP: 2/2
   908 | D:1      | 908 ||| UPGRADING to +0 ring mail.
   918 | D:1      | 918 ||| DROPPING +0 leather armour.
   919 | D:1      | 919 ||| UPGRADING to +2 ring mail of willpower.
   929 | D:1      | 929 ||| DROPPING +0 ring mail.
   930 | D:1      | 930 ||| UPGRADING to +0 helmet.
   935 | D:1      | 935 ||| DRINKING 2 sedimented yellow potions.
   936 | D:1      | 936 ||| DRINKING 2 smoky golden potions.
   937 | D:1      | 937 ||| DROPPING scroll of butterflies.
   983 | D:2      | Reached XP level 3. HP: 21/21 MP: 3/3
  1073 | D:2      | Reached skill level 1 in Armour
  1173 | D:2      | Reached skill level 5 in Ranged Weapons
  1586 | D:2      | 1586 ||| UPGRADING to ring of protection from fire.
  1587 | D:2      | 1587 ||| READING scroll labelled INKIGI YCAASAT.
  1592 | D:2      | 1592 ||| READING scroll labelled KYAC ROIGALIVOQ.
  1663 | D:3      | Found a faded altar of an unknown god.
  1727 | D:3      | Found a basalt altar of Yredelemnul.
  1791 | D:3      | Reached XP level 4. HP: 27/27 MP: 4/4
  1897 | D:3      | Noticed Natasha
  1905 | D:3      | Killed Natasha
  1906 | D:3      | Reached skill level 3 in Fighting
  1948 | D:3      | Noticed Sigmund
  1965 | D:3      | HP: 6/28 [Sigmund/+0 scythe (3)]
  1966 | D:3      | 1966 ||| DRINKING potion of heal wounds.
  1969 | D:3      | Killed Sigmund
  1970 | D:3      | Reached skill level 6 in Ranged Weapons
  1970 | D:3      | Reached XP level 5. HP: 32/32 MP: 5/5
  1970 | D:3      | Reached XP level 6. HP: 37/37 MP: 6/6
  2038 | D:3      | Noticed Natasha
  2046 | D:3      | 2046 ||| Stepping ~*~*~tactically~*~*~ (retreating).
  2047 | D:3      | 2047 ||| Stepping ~*~*~tactically~*~*~ (retreating).
  2049 | D:3      | 2049 ||| Stepping ~*~*~tactically~*~*~ (retreating).
  2050 | D:3      | 2050 ||| Stepping ~*~*~tactically~*~*~ (retreating).
  2051 | D:3      | 2051 ||| Stepping ~*~*~tactically~*~*~ (retreating).
  2055 | D:3      | 2055 ||| Stepping ~*~*~tactically~*~*~ (retreating).
  2056 | D:3      | 2056 ||| Stepping ~*~*~tactically~*~*~ (retreating).
  2058 | D:3      | 2058 ||| Stepping ~*~*~tactically~*~*~ (retreating).
  2064 | D:3      | Killed Natasha
  2205 | D:3      | Noticed Natasha
  2210 | D:3      | Killed Natasha
  2337 | D:3      | 2337 ||| FLEEEEING.
  2470 | D:3      | Found a runed translucent door.
  2471 | D:3      | Noticed Crazy Yiuf
  2607 | D:3      | 2607 ||| UPGRADING to amulet of reflection.
  2612 | D:3      | 2612 ||| READING scroll labelled KIGHU GULOPAISK.
  2613 | D:3      | 2613 ||| READING scroll labelled VIWNEKLEUV.
  2614 | D:3      | 2614 ||| READING scroll labelled FOFOBB CAFYLECW.
  2653 | D:4      | Reached skill level 7 in Ranged Weapons
  2668 | D:4      | Found a blossoming altar of Fedhas.
  2745 | D:4      | Found Hahemieracs's Armour Shoppe.
  2758 | D:4      | 2758 ||| SHOPLISTING scarf of Gozag's Pride {repulsion,
                  | rC+++ Regen+ MP+9 Dex-3} (646 gold, have 309).
  2779 | D:4      | Noticed Robin
  2802 | D:4      | HP: 7/38 [Robin/+2 trident of protection (5)]
  2812 | D:4      | HP: 3/38 [Robin/+2 trident of protection (3)]
  2813 | D:4      | Slain by an adder

Levels and vault maps discovered:
D:1:      eino_arrival_cavern_a, layout_loops_corners, minmay_misc_feat_alley
D:2:      layout_loops_cross
D:3:      cheibrodos_greedy_goblins, layout_loops_cross,
          yredelemnul_forgotten_temple_becter,
          hellmonk_ecumenical_altar_leap_of_faith, uniq_crazy_yiuf_cottage,
          uniq_natasha, uniq_sigmund
D:4:      layout_loops_ring, nicolae_vehumet_radiance, fedhas_altar_1,
          serial_shops, nicolae_shop_stone, nicolae_shop_i_like_small_books_too,
          uniq_robin, uniq_eustachio

Skill      XL: |  1  2  3  4  5  6 |
---------------+-------------------+-----
Armour         | 1 |  1.0
Ranged Weapons | 5 6 7 |  7.2
Fighting       | 3 4 |  4.1
Dodging        | |  1.5
Stealth        | |  1.1

Action                     |  1- 3 |  4- 6 || total
---------------------------+-------+-------++-------
   Fire: Shortbow          |   119 |   182 ||   301
    Use: Potion            |     2 |     1 ||     3
         Scroll            |     2 |     3 ||     5
 Armour: Leather armour    |     5 |       ||     5
         Ring mail         |    10 |   126 ||   136
  Dodge: Dodged            |    20 |    82 ||   102
  Block: Other             |       |    19 ||    19

Table legend:
 A = Non-vault XP
 B = Vault XP
 C = Vault XP percentage of total XP
 D = Non-vault monster count
 E = Vault monster count
 F = Vault count percentage of total count
                 A         B        C        D         E       F
            +---------+---------+-------+---------+---------+-------
      Total |     272 |     316 |  53.7 |      61 |      21 |  25.6
            +---------+---------+-------+---------+---------+-------
        D:1 |      33 |       0 |   0.0 |      17 |       0 |   0.0
        D:2 |      38 |       0 |   0.0 |      17 |       0 |   0.0
        D:3 |     113 |     300 |  72.6 |      19 |      13 |  40.6
        D:4 |      88 |      16 |  15.4 |       8 |       8 |  50.0
            +---------+---------+-------+---------+---------+-------
